 Dungeon Crawl Stone Soup version 0.25.1-1-g288607f5aa (webtiles) character file.

Game seed: 6530942505798325101

91 Milting the Insei (level 4, 0/31 HPs)
             Began as an Octopode Transmuter on July 19, 2020.
             Succumbed to an adder's poison
             ... on level 2 of the Dungeon.
             The game lasted 00:07:22 (2128 turns).

Milting the Insei (Octopode Transmuter)             Turns: 2128, Time: 00:07:23

Health: 0/31       AC:  1    Str: 10    XL:     4   Next: 59%
Magic:  7/7        EV: 14    Int: 15    God:
Gold:   64         SH:  0    Dex: 12    Spells: 6/7 levels left

rFire    + . .     SeeInvis .     - Unarmed
rCold    + . .     Gourm    .   (no shield)
rNeg     . . .     Faith    .   (helmet restricted)
rPois    +         Spirit   .   (no amulet)
rElec    +         Reflect  .   (no ring)
rCorr    +         Harm     .   (no ring)
MR       .....                  (no ring)
Stlth    ++++......             (no ring)
HPRegen  0.10/turn              (no ring)
MPRegen  0.10/turn              (no ring)
                                (no ring)
                                (no ring)

@: lethally poisoned (0 -> -2), resistant, berserk cooldown, slowed, very slow
A: almost no armour, stealthy swim, amphibious, 8 rings, constrict 8, camouflage
1, gelatinous body 1
a: no special abilities


You were on level 2 of the Dungeon.
You were not hungry.

You visited 1 branch of the dungeon, and saw 2 of its levels.

You collected 64 gold pieces.

Inventory:

Missiles
 a - 29 arrows
 d - 3 atropa-tipped darts
 h - 31 stones (quivered)
 l - 3 boomerangs
Scrolls
 e - a scroll of magic mapping {unknown}
 f - 4 scrolls of amnesia {unknown}
 i - a scroll of remove curse {unknown}
 m - a scroll of immolation {unknown}
 n - a scroll of enchant weapon {unknown}
 p - a scroll of identify {unknown}
Potions
 j - a potion of berserk rage
 k - a potion of might {unknown}
 o - a potion of heal wounds {unknown}
Comestibles
 b - 5 chunks of flesh
 c - 2 rations


   Skills:
 - Level 3.0 Fighting
 - Level 3.0 Dodging
 * Level 2.3 Stealth
 - Level 3.0 Unarmed Combat
 - Level 2.0 Spellcasting
 - Level 2.0 Transmutations


You had 6 spell levels left.
You knew the following spells:

 Your Spells              Type           Power        Failure   Level  Hunger
a - Beastly Appendage     Tmut           #.....       10%         1    #......

Your spell library contained the following spells:

 Spells                   Type           Power        Failure   Level  Hunger
 Sticks to Snakes         Tmut           #.......     14%         2    ###....
 Spider Form              Tmut/Pois      #.........   41%         3    ###....
 Ice Form                 Ice/Tmut       #.......     82%         4    #####..
 Blade Hands              Tmut           #.........   95%         5    ######.


Dungeon Overview and Level Annotations

Branches:
Dungeon (2/15)

Altars:

Annotations:
D:2 Jessica


Innate Abilities, Weirdness & Mutations

You cannot wear most types of armour.
You are very stealthy in the water. (Stealth+)
You are amphibious.
You can wear up to eight rings at the same time.
You can use your tentacles to constrict eight enemies at once.
Your skin changes colour to match your surroundings (Stealth+).
Your rubbery body absorbs attacks. (AC +1, EV +1)


Message History

You feel sick. The frilled lizard barely misses you.
You miss the frilled lizard. You grab the frilled lizard.
You squeeze the frilled lizard.
You kill the frilled lizard!
You are too berserk!
Unknown command.
You are too berserk!
The hobgoblin closely misses you.
You see here an adder corpse.
You feel a strong urge to attack something.
You feel your anger nearly subside.
* * * LOW HITPOINT WARNING * * *
You feel sick.
You are no longer berserk.
You are exhausted.
You feel yourself slow down.
Some of the chunks of flesh in your inventory have rotted away.
It was a potion of resistance.
You feel protected.
You die...

........>#
....####.#≈≈≈≈≈≈≈♣ ♣≈≈≈≈≈
.........#≈≈≈≈≈≈≈. .≈≈≈≈≈
.........#≈≈≈≈≈≈≈.##.≈≈≈≈≈
.........#≈≈≈≈≈≈≈♣![♣≈≈≈≈≈
###.######≈≈≈≈≈≈≈≈..≈≈≈≈≈≈
#.# #≈≈≈≈≈≈≈≈..≈≈≈≈≈≈
#.#######≈≈≈≈≈≈≈g.≈≈≈≈≈≈
#.......##≈≈≈†@†g.≈≈≈≈≈≈
#######.###≈≈≈≈≈..≈≈≈≈≈#
#.# ##≈≈≈≈..≈≈≈≈## #####
#.# ##≈≈≈..≈≈≈## #...# #.#
####''#### #...# #.# #..#
##...####.# ##.##
.....'..÷.# #÷.#
##...###### ##.##


You could see 2 hobgoblins.

Vanquished Creatures
  3 adders (D:2)
  An ooze (D:1)
  A worm (D:2)
  A dart slug (D:1)
  4 leopard geckos
  6 bats
  4 giant cockroaches
  3 goblins
  4 hobgoblins (D:1)
  7 jackals
  2 quokkas (D:2)
  7 frilled lizards
  4 kobolds
  4 rats (D:1)
51 creatures vanquished.

Notes
Turn   | Place    | Note
-------+----------+-------------------------------------------
     0 | D:1      | Milting the Octopode Transmuter began the quest for the
                  | Orb.
     0 | D:1      | Reached XP level 1. HP: 13/13 MP: 3/3
   185 | D:1      | Reached XP level 2. HP: 6/19 MP: 5/5
   714 | D:1      | HP: 1/20 [leopard gecko (5)]
   942 | D:1      | Reached XP level 3. HP: 19/25 MP: 6/6
  1673 | D:2      | Noticed Jessica
  1860 | D:2      | Reached XP level 4. HP: 28/31 MP: 7/7
  2042 | D:2      | Reached skill level 1 in Stealth
  2117 | D:2      | HP: 1/31 [frilled lizard (3)]
  2124 | D:2      | HP: 1/46 [poisoned by an adder]
  2128 | D:2      | Succumbed to an adder's poison

Illustrated notes

Levels and vault maps discovered:
D:1:      evilmike_arrival_rings, layout_basic, item_on_display_a
D:2:      kennysheep_big_flooded_room, layout_basic, led_sif_pool, uniq_jessica

Skill      XL: |  1  2  3  4 |
---------------+-------------+-----
Fighting       | 2 3 |  3.0
Dodging        | 3 |  3.0
Stealth        | 2 |  2.3
Unarmed Combat | |  3.0
Spellcasting   | |  2.0
Transmutations | |  2.0

Action                   |  1- 3 |  4- 6 || total
-------------------------+-------+-------++-------
Melee: Unarmed           |    95 |    34 ||   129
       Constrict         |    21 |    10 ||    31
       Tentacles         |    13 |     6 ||    19
Throw: Stone             |     3 |     1 ||     4
       Dart              |     1 |       ||     1
  Use: Potion            |       |     2 ||     2
 Stab: Sleeping          |     4 |     1 ||     5
  Eat: Chunk             |     2 |     2 ||     4
Armor: Skin              |    11 |     1 ||    12
Dodge: Dodged            |    65 |    30 ||    95
